 Dungeon Crawl Stone Soup version 0.18-a0-102-gb1241f3 (webtiles) character file.

168 Proton the Skirmisher (level 5, -7/49 HPs)
             Began as a Naga Fighter on Nov 15, 2015.
             Mangled by Proton's ghost (11 damage)
             ... on level 4 of the Dungeon.
             The game lasted 00:06:06 (2683 turns).

Proton the Skirmisher (Naga Fighter)                Turns: 2683, Time: 00:06:06

Health: -7/49      AC: 10    Str: 19    XL:     5   Next: 49%
Magic:  5/5        EV:  2    Int:  8    God:
Gold:   177        SH:  9    Dex: 11    Spells: 0 memorised, 4 levels left

rFire  . . .     SeeInvis +     a - +0 long sword
rCold  . . .     Clarity  .     l - +0 plate armour
rNeg   . . .     SustAt   .     c - +0 shield
rPois  +         Gourm    .     g - +2 hat
rElec  .         Spirit   .     (no cloak)
rCorr  .         Warding  .     (no gloves)
rMut   .         Stasis   .     (no barding)
MR     .....                    k - amulet of faith
Stlth  ..........               (no ring)
                                (no ring)

@: very slightly contaminated, very slow, not resistant to hostile enchantments,
extremely unstealthy
A: see invisible, deformed body, poison resistance, slowness 2, slow metabolism
1, spit poison 2, AC +1
a: Spit Poison


You were on level 4 of the Dungeon.
You were not hungry.

You visited 1 branch of the dungeon, and saw 4 of its levels.

You collected 177 gold pieces.

Inventory:

Hand Weapons
 a - a +0 long sword (weapon)
Armour
 c - a +0 shield (worn)
 g - a +2 hat (worn)
 l - a +0 plate armour (worn)
Jewellery
 k - an amulet of faith (around neck)
Scrolls
 b - a scroll of teleportation {unknown}
 f - a scroll of fear {unknown}
 h - 2 scrolls of identify {unknown}
 o - 2 scrolls of amnesia {unknown}
Potions
 d - 2 potions of might
 i - a potion of haste {unknown}
 j - a potion of brilliance {unknown}
 q - a potion of beneficial mutation {unknown}
 r - a potion of lignification {unknown}
 v - a potion of curing {unknown}
 w - a potion of resistance {unknown}
Comestibles
 e - 3 bread rations
 m - a meat ration
 s - 2 fruits


   Skills:
 + Level 3.4 Fighting
 + Level 3.1 Long Blades
 + Level 2.9 Armour
 + Level 1.7 Dodging
 + Level 1.9 Stealth
 + Level 3.0 Shields


You had 4 spell levels left.
You didn't know any spells.

Dungeon Overview and Level Annotations

Branches:
Dungeon (4/15)
 Temple: D:4-7

Altars:
Cheibriados
Elyvilon
Yredelemnul

Annotations:
D:3 Proton's ghost, amateur DDFi
D:4 Proton's ghost, novice DDFi


Innate Abilities, Weirdness & Mutations

You cannot wear boots.
Your serpentine skin is tough (AC +1).
You have supernaturally acute eyesight.
Armour fits poorly on your strangely shaped body.
Your system is resistant to poisons.
You cover ground very slowly.
You have a slow metabolism.
You can spit poison.


Message History

Proton's ghost hits you!
* * * LOW HITPOINT WARNING * * *
Read which item? (? for menu, Esc to quit)
Blink to where?
Press: ? - help, Dir - move target cursor You are very lightly contaminated with residual magic.
As you read the scroll labeled EXTIRI OQEE, it crumbles to dust.
It was a scroll of blinking.
Read which item? (? for menu, Esc to quit)
As you read the scroll labeled ZAYWUVVECEO, it crumbles to dust.
It is a scroll of recharging.
You aren't carrying any rechargeable items.
Read which item? (? for menu, Esc to quit)
As you read the scroll labeled FEMMOL ETWUE, it crumbles to dust.
The scroll dissolves into smoke.
It was a scroll of fog.
Read which item? (? for menu, Esc to quit)
As you read the scroll labeled LABUR REOSUDD, it crumbles to dust.
You feel blessed for a moment.
It was a scroll of remove curse.
Proton's ghost hits you!
You die...

######.# #.#
#.#####.#
#.......#
####.#### # #.#
##_## #.# 8?..8##
#.#
.....###########.#
.....8#§§@§§.....#
.....##§W#########
8...8###§# ##_#
#.# # ####.#
###.##.#
...##.#######
#..##.......#
#..########.#


You could see Proton's ghost.

Vanquished Creatures
  Jessica (D:2)
  6 adders
  A gnoll (D:1)
  An ooze (D:1)
  An adder skeleton (D:4)
  A worm (D:2)
  3 giant geckos
  4 orcs (D:3)
  6 bats
  7 hobgoblins
  5 kobolds
  A quokka (D:2)
  4 giant cockroaches
  5 giant newts
  10 goblins
  11 rats
67 creatures vanquished.

Notes
Turn   | Place    | Note
--------------------------------------------------------------
     0 | D:1      | Proton the Naga Fighter began the quest for the Orb.
     0 | D:1      | Reached XP level 1. HP: 21/21 MP: 1/1
   240 | D:1      | Reached XP level 2. HP: 28/28 MP: 2/2
   725 | D:1      | Reached skill level 1 in Dodging
   725 | D:1      | Reached XP level 3. HP: 34/34 MP: 3/3
  1006 | D:2      | Found a white marble altar of Elyvilon.
  1041 | D:2      | Reached skill level 1 in Stealth
  1109 | D:2      | Noticed Jessica
  1123 | D:2      | Killed Jessica
  1123 | D:2      | Reached XP level 4. HP: 30/42 MP: 4/4
  1423 | D:2      | Reached XP level 5. HP: 35/49 MP: 5/5
  2161 | D:3      | Noticed Proton's ghost (amateur DDFi)
  2627 | D:4      | Found a basalt altar of Yredelemnul.
  2628 | D:4      | Found a snail-covered altar of Cheibriados.
  2657 | D:4      | Noticed Proton's ghost (novice DDFi)
  2683 | D:4      | Mangled by Proton's ghost

Vault maps used:
D:1:      tarquinn_simple_flora_water_b
D:2:      elyvilon_altar_4, uniq_jessica
D:4:      kiku_gazebo_pond_becter, nicolae_overflow_hidden_temple

Action                   |  1- 3 |  4- 6 || total
-------------------------+-------+-------++-------
Melee: Long sword        |   140 |   173 ||   313
 Abil: Spit Poison       |     1 |       ||     1
  Use: Scroll            |       |     4 ||     4
  Eat: Beef jerky        |     1 |       ||     1
       Meat ration       |       |     1 ||     1
       Royal jelly       |       |     1 ||     1
